 Dungeon Crawl Stone Soup version 0.25-a0-290-g4a1327ee3a (webtiles) character file.

Game seed: 12902751610049083338, levelgen mode: deterministic

74 tilp the Poker (level 4, 0/33 HPs)
             Began as a Merfolk Skald on Dec 14, 2019.
             Slain by Natasha (5 damage)
             ... on level 2 of the Dungeon.
             The game lasted 00:03:21 (2231 turns).

tilp the Poker (Merfolk Skald)                      Turns: 2231, Time: 00:03:21

Health: 0/33       AC:  3    Str: 11    XL:     4   Next: 30%
Magic:  0/7        EV: 12    Int: 13    God:
Gold:   66         SH:  4    Dex: 13    Spells: 2/7 levels left

rFire    . . .     SeeInvis .   a - +0 spear
rCold    . . .     Gourm    .   g - +0 buckler
rNeg     . . .     Faith    .   b - +0 leather armour
rPois    .         Spirit   .   (no helmet)
rElec    .         Reflect  .   (no cloak)
rCorr    .         Harm     .   (no gloves)
MR       .....                  (no boots)
Stlth    +.........             (no amulet)
HPRegen  0.11/turn              (no ring)
MPRegen  0.10/turn              (no ring)

@: slowed, very slow
A: change form in water, swift swim, stealthy swim
a: no special abilities


You were on level 2 of the Dungeon.
You were hungry.

You visited 1 branch of the dungeon, and saw 2 of its levels.

You collected 66 gold pieces.

Inventory:

Hand Weapons
 a - a +0 spear (weapon)
Missiles
 c - 53 stones (quivered)
Armour
 b - a +0 leather armour (worn)
 g - a +0 buckler (worn)
Scrolls
 h - a scroll of teleportation {unknown}
 j - a scroll of identify {unknown}
Potions
 e - a potion of heal wounds {unknown}
 i - a potion of degeneration {unknown}
Comestibles
 d - 3 rations


   Skills:
 - Level 2.1 Fighting
 + Level 5.9 Polearms
 - Level 0.6 Armour
 - Level 2.6 Dodging
 + Level 1.4 Shields
 - Level 2.0 Spellcasting
 - Level 3.2 Charms


You had 2 spell levels left.
You knew the following spells:

 Your Spells              Type           Power        Failure   Level  Hunger
a - Infusion              Chrm           #...         12%         1    ##.....
b - Song of Slaying       Chrm           #.......     19%         2    ###....
c - Shroud of Golubria    Chrm/Tloc      #.....       36%         2    ###....

Your spell library contained the following spells:

 Spells                   Type           Power        Failure   Level  Hunger
 Regeneration             Chrm/Necr      #.........   58%         3    ####...
 Spectral Weapon          Hex/Chrm       #.......     58%         3    ####...


Dungeon Overview and Level Annotations

Branches:
Dungeon (2/15)

Altars:

Annotations:
D:2 Natasha


Message History

Natasha is heavily wounded.
You block the shadow imp's attack. Natasha barely misses you.
You hit Natasha but do no damage.
Natasha is heavily wounded.
You are no longer magically infusing your attacks.
The white imp gestures at you. You block the puff of frost.
The crimson imp blinks!
The shadow imp hits you but does no damage.
You closely miss Natasha.
Natasha is heavily wounded.
Natasha casts a spell at you.
You feel yourself slow down. The white imp completely misses you.
The crimson imp hits you but does no damage.
You block the shadow imp's attack.
You hit Natasha but do no damage.
Natasha is heavily wounded.
Natasha barely misses you. The white imp closely misses you.
The crimson imp hits you but does no damage.
The shadow imp closely misses you. Natasha claws you.
You die...

........#
#......................
........#
#........#...........
###...###
#........#...........
#...#
#........#...........
#...#
#........#...........
#...#
#........##########+#
#...# #......†.# #...#
#....5...# #...#
#...@5...# #...#
#...h5...# #...#
#........### #...#
#..........# #####
####.......# #.......#
#.......# #.......#
#.......#


You could see Natasha, a crimson imp, a white imp and a shadow imp.

Vanquished Creatures
  3 adders (D:2)
  An ooze (D:1)
  A dart slug (D:1)
  3 leopard geckos
  7 bats
  2 giant cockroaches (D:1)
  6 goblins (D:1)
  3 hobgoblins
  4 frilled lizards
  4 kobolds (D:1)
  6 rats
40 creatures vanquished.

Notes
Turn   | Place    | Note
-------+----------+-------------------------------------------
     0 | D:1      | tilp the Merfolk Skald began the quest for the Orb.
     0 | D:1      | Reached XP level 1. HP: 16/16 MP: 3/3
    39 | D:1      | Reached skill level 4 in Polearms
    39 | D:1      | Reached XP level 2. HP: 14/22 MP: 0/5
   143 | D:1      | Learned a level 2 spell: Song of Slaying
   146 | D:1      | Learned a level 2 spell: Shroud of Golubria
   489 | D:1      | You fall into a shaft and drop 1 floor!
   666 | D:1      | Reached skill level 5 in Polearms
   666 | D:1      | Reached XP level 3. HP: 25/27 MP: 0/6
  1814 | D:2      | Found a faded altar of an unknown god.
  1852 | D:2      | Reached skill level 1 in Shields
  1873 | D:2      | Reached XP level 4. HP: 18/33 MP: 0/7
  2206 | D:2      | Noticed Natasha
  2231 | D:2      | Slain by Natasha

Levels and vault maps discovered:
D:1:      onia_arrival_handbag, layout_basic, serial_forest,
          infiniplex_forest_clump_small, infiniplex_forest_lined_4_way,
          infiniplex_forest_lined_3, infiniplex_forest_clump_small,
          infiniplex_forest_clump_large, infiniplex_forest_lined_room_2,
          infiniplex_forest_3_way, infiniplex_forest_end_2,
          infiniplex_forest_clump_cross
D:2:      layout_basic, first_ration, chequers_ecumenical_altar_simple_redux,
          uniq_sigmund, uniq_natasha

Skill      XL: |  1  2  3 |
---------------+----------+-----
Polearms       | 4 5 |  5.9
Shields        | 1 |  1.4
Fighting       | |  2.1
Armour         | |  0.6
Dodging        | |  2.6
Spellcasting   | |  2.0
Charms         | |  3.2

Action                   |  1- 3 |  4- 6 || total
-------------------------+-------+-------++-------
Melee: Spear             |   104 |    20 ||   124
 Cast: Infusion          |    16 |     1 ||    17
       Shroud of Golubri |       |     1 ||     1
  Eat: Chunk             |     3 |     1 ||     4
Armor: Leather armour    |    26 |     9 ||    35
Dodge: Dodged            |    55 |    11 ||    66
Block: Buckler           |     4 |     8 ||    12

Table legend:
 A = Non-vault XP
 B = Vault XP
 C = Vault XP percentage of total XP
 D = Non-vault monster count
 E = Vault monster count
 F = Vault count percentage of total count
                 A         B        C        D         E       F
            +---------+---------+-------+---------+---------+-------
      Total |      97 |      10 |   9.3 |      36 |       4 |  10.0
            +---------+---------+-------+---------+---------+-------
        D:1 |      38 |      10 |  20.8 |      22 |       4 |  15.4
        D:2 |      59 |       0 |   0.0 |      14 |       0 |   0.0
            +---------+---------+-------+---------+---------+-------
